 Dungeon Crawl Stone Soup version 0.29-a0-284-gf9362112df (webtiles) character file.

Game seed: 8288351908076467915

814 mistaj the Skirmisher (level 7, 0/67 HPs)
             Began as a Deep Dwarf Monk on Mar 23, 2022.
             Killed by nerve-wracking pain
             ... invoked by Menkaure
              (3 damage)
             ... on level 6 of the Dungeon.
             The game lasted 00:09:48 (4959 turns).

mistaj the Skirmisher (Deep Dwarf Monk)             Turns: 4959, Time: 00:09:48

Health: 0/67       AC: 13    Str: 16    XL:     7   Next: 62%
Magic:  2/2        EV:  8    Int: 11    God:
Gold:   320        SH:  0    Dex: 15    Spells: 6/6 levels left

rFire   . . .      SeeInvis +   h - +2 mace (drain)
rCold   . . .      Faith    +   (no shield)
rNeg    . . .      Spirit   .   u - +0 chain mail
rPois   .          Reflect  .   t - +0 helmet
rElec   .          Harm     .   q - +0 cloak
rCorr   +          Rampage  .   (no gloves)
Will    +....                   n - +0 pair of boots
Stlth   ..........              l - amulet of faith
HPRegen 0.00/turn               o - ring of see invisible
MPRegen 0.08/turn               j - ring of resist corrosion

@: no status effects
A: damage resistance, heal wounds, sense surroundings 1, no regeneration
a: Heal Wounds


You were on level 6 of the Dungeon.
You visited 1 branch of the dungeon, and saw 6 of its levels.

You collected 320 gold pieces.

Inventory:

Hand Weapons
 a - a +3 mace of protection
 h - a +2 mace of draining (weapon)
Armour
 n - a +0 pair of boots (worn)
 q - a +0 cloak (worn)
 t - a +0 helmet (worn)
 u - a +0 chain mail (worn)
Jewellery
 j - a ring of resist corrosion (right hand)
 l - an amulet of faith (around neck)
 o - a ring of see invisible (left hand)
 w - a ring of positive energy
Wands
 p - a wand of flame (14)
 y - a wand of iceblast (15)
Scrolls
 e - a scroll of noise {unknown}
 f - 2 scrolls of holy word {unknown}
 g - a scroll of vulnerability {unknown}
 i - 2 scrolls of fear {unknown}
 m - 3 scrolls of identify {unknown}
 s - 2 scrolls of teleportation {unknown}
 x - a scroll of silence {unknown}
Potions
 b - 7 potions of curing {unknown}
 c - 2 potions of ambrosia
 d - 3 potions of attraction {unknown}
 k - 3 potions of lignification {unknown}
 r - a potion of heal wounds {unknown}
 v - 2 potions of mutation {unknown}
 z - 2 potions of degeneration {unknown}


   Skills:
 + Level 5.2 Fighting
 - Level 4.1(5.1) Axes
 + Level 4.0(4.8) Maces & Flails
 + Level 5.2 Armour
 - Level 3.2 Dodging
 - Level 2.4 Stealth


You had 6 spell levels left.
You didn't know any spells.
Your spell library contained the following spells:

 Spells                   Type           Power      Damage    Failure   Level
 Blink                    Tloc           0%         N/A       100%        2
 Call Canine Familiar     Summ           0%         N/A       100%        3
 Portal Projectile        Hex/Tloc       0%         N/A       100%        3
 Leda's Liquefaction      Hex/Erth       0%         N/A       100%        4
 Manifold Assault         Tloc           0%         N/A       100%        5
 Storm Form               Tmut/Air       0%         N/A       100%        7


Dungeon Overview and Level Annotations

Branches:
Dungeon (6/15)
 Temple: D:4-7

Altars:
Cheibriados
Qazlal

Annotations:
D:2 Sigmund
D:6 Eustachio, Menkaure


Innate Abilities, Weirdness & Mutations

You are resistant to damage.
You can heal yourself by infusing magical energy.
You passively map a small area around you.
You do not regenerate.


Message History

The adder attacks as you move away! The adder barely misses you.
The adder completely misses you. The adder attacks as you move away!
The adder bites you but does no damage. The adder bites you but does no damage.
The adder bites you but does no damage. The adder attacks as you move away!
The adder closely misses you.
Things that are here:
a +0 shortbow; a centaur corpse The adder bites you but does no damage.
Menkaure, Prince of Dust comes into view.
Menkaure shouts!
Menkaure screams, "Why can't you leave me to my rest?"
Menkaure casts a spell.
Menkaure seems to speed up.
The adder attacks as you move away!
The adder bites you but does no damage. x2
You sock Menkaure!
Menkaure is moderately damaged.
Menkaure hits you! The adder bites you but does no damage.
You hit Menkaure but do no damage.
Menkaure is moderately damaged.
Menkaure calls on the powers of darkness!
Your body is wracked with pain!
* * * LOW HITPOINT WARNING * * *
The adder convulses!
The adder bites you but does no damage. Menkaure hits you!
* * * LOW HITPOINT WARNING * * *
The adder bites you but does no damage.
You barely miss Menkaure.
Menkaure is moderately damaged.
The adder bites you but does no damage. Menkaure completely misses you.
Eustachio utters an oath, "I will die for my friends!"
Unknown command.
You hit Menkaure but do no damage.
Menkaure is moderately damaged.
The adder bites you but does no damage. Menkaure hits you!
* * * LOW HITPOINT WARNING * * *
The adder bites you but does no damage.
Eustachio casts a spell.
Menkaure points at you and mumbles some strange words.
Pain shoots through your body!
You die...

######.......####...
#....'.......'.##...
#.####.......#.#....
#.############.#.###
#.#..,,.............
#.#.# #######.#.###
#.#.# ########.#.#
#.#M# #z.....#.#.#
#.#@# #.###.##.#.#
#.#S# #z# #.##.#..,
#.#z# #.# #.##.#####
#.#z# #.# #z........
#.#@###.###..#.#####
#.#>)...............
#.#5######...#.#.###
#.#.######...#@#.#..
#............#.#.#..


You could see Eustachio, Menkaure (fast), 2 wights, a quasit (summoned) and an
adder.

Vanquished Creatures
  Grinder (D:3)
  A black bear (D:5)
  An ogre (D:6)
  A centaur (D:6)
  A phantom (D:6)
  Crazy Yiuf (D:3)
  A hound (D:6)
  A jelly (D:4)
  2 iguanas
  6 adders
  A worm (D:2)
  2 orcs
  4 endoplasms
  3 giant cockroaches
  18 goblins
  7 hobgoblins
  6 jackals (D:2)
  5 quokkas
  9 ball pythons
  6 bats
  4 frilled lizards
  9 kobolds
  3 rats
93 creatures vanquished.

Vanquished Creatures (others)
  A fungus (D:3)
  A plant (D:3)
2 creatures vanquished.

Grand Total: 95 creatures vanquished

Notes
Turn   | Place    | Note
-------+----------+-------------------------------------------
     0 | D:1      | mistaj the Deep Dwarf Monk began the quest for the Orb.
     0 | D:1      | Reached XP level 1. HP: 20/20 MP: 1/1
   318 | D:1      | Reached skill level 1 in Armour
   354 | D:1      | Reached XP level 2. HP: 9/27 MP: 2/2
  1063 | D:2      | Reached XP level 3. HP: 18/34 MP: 3/3
  1182 | D:2      | Noticed Sigmund
  1847 | D:2      | Reached XP level 4. HP: 42/42 MP: 3/3
  2338 | D:3      | Noticed Grinder
  2478 | D:3      | Paralysed by Grinder for 4 turns
  2488 | D:3      | Paralysed by Grinder for 3 turns
  2497 | D:3      | Paralysed by Grinder for 7 turns
  2509 | D:3      | Paralysed by Grinder for 6 turns
  2525 | D:3      | Killed Grinder
  2526 | D:3      | Reached XP level 5. HP: 34/50 MP: 1/1
  2526 | D:3      | Reached XP level 6. HP: 39/57 MP: 2/2
  2930 | D:3      | Found a runed translucent door.
  2931 | D:3      | Noticed Crazy Yiuf
  2946 | D:3      | Killed Crazy Yiuf
  3885 | D:5      | Entered Level 5 of the Dungeon
  3984 | D:5      | Reached XP level 7. HP: 39/66 MP: 2/2
  4349 | D:5      | Found a snail-covered altar of Cheibriados.
  4572 | D:5      | Noticed a yak
  4572 | D:5      | Noticed a yak
  4572 | D:5      | Noticed a yak
  4825 | D:6      | Reached skill level 5 in Fighting
  4825 | D:6      | Reached skill level 5 in Armour
  4835 | D:6      | Found a stormy altar of Qazlal.
  4907 | D:6      | Noticed Eustachio
  4952 | D:6      | Noticed Menkaure
  4959 | D:6      | HP: 3/67 [Menkaure (4)]
  4959 | D:6      | Killed from afar by Menkaure

Illustrated notes

Levels and vault maps discovered:
D:1:      dpeg_arrival_fog, layout_loops_ring, minmay_misc_feat_square,
          grunt_decor_arrowhead, hangedman_feature_mirror
D:2:      layout_basic, minmay_ruptured, uniq_sigmund
D:3:      corexii_shack_village, layout_basic,
          nicolae_concentric_dashed_squares_mild, uniq_crazy_yiuf_cottage,
          uniq_grinder
D:4:      layout_loops_cross, saegor_snake_ambush
D:5:      layout_basic, kennysheep_mini
D:6:      layout_basic, kennysheep_little_box, uniq_eustachio, uniq_menkaure,
          uniq_blork_the_orc, uniq_pikel

Skill      XL: |  1  2  3  4  5  6  7 |
---------------+----------------------+-----
Armour         | 1 2 3 4 5 |  5.2
Fighting       | 3 4 5 |  5.2
Axes           | 4 |  4.1
Maces & Flails | 2 3 4 |  4.0
Dodging        | |  3.2
Stealth        | |  2.4

Action                   |  1- 3 |  4- 6 |  7- 9 || total
-------------------------+-------+-------+-------++-------
Melee: Hand axe          |   144 |    15 |       ||   159
       Mace              |       |   119 |    50 ||   169
       Punch             |       |     2 |     1 ||     3
 Abil: Heal Wounds       |     3 |     6 |     1 ||    10
 Stab: Sleeping          |     9 |     2 |       ||    11
Armor: Robe              |     6 |       |       ||     6
       Leather armour    |    30 |     2 |       ||    32
       Ring mail         |       |    26 |       ||    26
       Chain mail        |       |    29 |    67 ||    96
Dodge: Dodged            |    87 |    74 |    40 ||   201

Table legend: (Time is in decaauts)
 A = Elapsed time spent in this place.
 B = Non-inter-level travel time spent in this place.
 C = Inter-level travel time spent in this place.
 D = Time resting spent in this place.
 E = Time spent auto-exploring this place.
 F = Levels seen in this place.
 G = Mean time per level.
                   A        B        C        D        E       F      G
               +--------+--------+--------+--------+--------+-----+--------+
         Total |   5039 |   4868 |    171 |    667 |   2720 |   6 |  839.8 |
       Dungeon |   5039 |   4868 |    171 |    667 |   2720 |   6 |  839.8 |
               +--------+--------+--------+--------+--------+-----+--------+

Top non-repeatable levels by time:
     D:3: 1119 daAuts
     D:2: 1046 daAuts
     D:1: 1007 daAuts
     D:5: 837 daAuts
     D:4: 792 daAuts
     D:6: 236 daAuts
